Map: [ESL] Site Delta

Players

GuMiho - Winner!

  • Race: Terran Terran
  • Spawn Location: 11:00

Creator

  • Race: Protoss Protoss
  • Spawn Location: 5:00

Event: ESL Spring 2024 Finals

VOD

Have the link to the VOD?

Description

Time

  • Played on: May 31, 2024, 1:48 p.m.
  • Length: 8:23

All games in this series

Show
View Real Time Build Order
Export as new Build Order

GuMiho Terran - Winner!

Build Orders: Reaper Expand 

Get SALT Encoding   

  12  0:00  SCV  
  13  0:12  SCV  
  14  0:17  Supply Depot  
  14  0:24  SCV  
  15  0:38  SCV  
  15  0:39  Barracks  
  16  0:44  Refinery  
  16  0:50  SCV  
  17  1:02  SCV  
  18  1:14  SCV  
  19  1:26  Reaper  
  19  1:27  Orbital Command  
  20  1:38  Command Center  
  20  1:50  Supply Depot  
  20  1:52  SCV  
  21  1:58  Marine  
  22  2:04  Factory  
  22  2:05  SCV  
  23  2:16  Barracks Tech Lab  
  23  2:17  SCV, Refinery  
  25  2:30  SCV  
  25  2:35  Marauder  
  27  2:42  SCV  
  28  2:48  Hellion  
  30  2:54  SCV  
  30  2:57  Marauder  
  33  2:58  Starport  
  33  2:59  Orbital Command  
  33  3:06  SCV  
  33  3:09  Hellion  
  33  3:10  Concussive Shells  
  36  3:18  SCV, Marauder  
  39  3:22  Supply Depot  
  39  3:27  SCV  
  39  3:30  SCV  
  39  3:32  Hellion  
  43  3:36  Medivac  
  43  3:39  SCV  
  46  3:44  SCV  
  47  3:52  Supply Depot, SCV  
  47  3:55  Factory Tech Lab  
  48  3:56  SCV, Barracks  
  48  3:59  Barracks Reactor  
  49  4:04  SCV  
  49  4:08  SCV  
  51  4:15  Siege Tank  
  51  4:16  SCV  
  55  4:17  Starport Reactor  
  55  4:20  SCV  
  55  4:21  Refinery, Barracks  
  55  4:22  Supply Depot  
  56  4:27  Engineering Bay  
  56  4:28  SCV  
  57  4:32  SCV  
  57  4:36  Supply Depot  
  58  4:40  Marine x2  
  58  4:43  SCV  
  58  4:44  SCV, Stimpack  
  62  4:55  Marine  
  62  4:57  Marine  
  59  5:01  Marine  
  58  5:13  Marine  
  53  5:14  Siege Tank, Marine  
  53  5:15  Marine  
  53  5:18  SCV, Liberator  
  53  5:19  SCV, Marine  
  61  5:24  Command Center  
  61  5:28  Supply Depot  
  61  5:30  Medivac  
  61  5:31  Supply Depot, Marauder  
  61  5:32  Marine  
  61  5:33  SCV x2  
  61  5:35  Marine  
  68  5:36  Refinery  
  68  5:37  Marine  
  68  5:42  Terran Infantry Weapons Level 1  
  70  5:49  Marine  
  69  5:52  Marine  
  69  5:54  SCV x2  
  69  5:55  Supply Depot  
  73  5:59  Siege Tank  
  76  6:05  Marine x2  
  76  6:06  SCV x2  
  76  6:10  Marine  
  81  6:16  Starport Reactor  
  81  6:17  Supply Depot, Barracks  
  81  6:18  Supply Depot, SCV x2, Barracks  
  83  6:23  Marine x4  
  83  6:24  Combat Shield  
  87  6:27  Missile Turret  
  87  6:30  Missile Turret  
  87  6:34  SCV x2  
  87  6:38  Marauder  
  94  6:40  Siege Tank  
  94  6:45  Orbital Command  
  94  6:56  Marine x3  
  94  6:58  Medivac  
  94  6:59  Marauder  
  94  7:00  Medivac  
  103  7:04  Barracks Tech Lab  
  103  7:06  Supply Depot  
  103  7:07  Barracks Tech Lab  
  103  7:10  SCV  
  103  7:11  SCV  
  105  7:18  Marine  
  105  7:20  Marauder  
  103  7:24  Siege Tank  
  103  7:28  Marauder  
  105  7:33  SCV  
  105  7:34  Orbital Command  
  106  7:37  Supply Depot  
  106  7:38  Supply Depot  
  106  7:40  Marine x2, Marauder  
  110  7:49  Marine x2  
  110  7:50  Marauder  
  114  7:56  Marauder  
  114  7:57  Marine  
  117  8:01  SCV x2, Marauder  
Show
View Real Time Build Order
Export as new Build Order

Creator Protoss 

Build Orders: 1 Gate Expand, Blink Stalkers 

Get SALT Encoding   

  12  0:00  Probe  
  13  0:12  Probe  
  14  0:17  Pylon  
  14  0:24  Probe (Chrono Boost)  
  15  0:36  Probe (Chrono Boost)  
  15  0:37  Gateway  
  16  0:43  Probe (Chrono Boost)  
  16  0:47  Assimilator  
  17  0:51  Probe  
  18  1:03  Probe  
  19  1:15  Probe  
  22  1:26  Cybernetics Core  
  20  1:33  Nexus  
  20  1:39  Pylon  
  20  1:43  Probe  
  21  1:48  Assimilator  
  21  1:55  Probe  
  21  1:59  Stalker (Chrono Boost)  
  22  2:03  Warp Gate  
  22  2:07  Probe  
  25  2:19  Probe (Chrono Boost)  
  28  2:23  Sentry  
  28  2:32  Probe (Chrono Boost)  
  29  2:42  Probe (Chrono Boost)  
  29  2:43  Twilight Council  
  30  2:47  Probe (Chrono Boost)  
  32  2:52  Stalker, Probe (Chrono Boost)  
  32  2:54  Probe (Chrono Boost)  
  36  2:58  Probe (Chrono Boost)  
  36  2:59  Probe (Chrono Boost)  
  37  3:10  Probe  
  37  3:11  Probe  
  39  3:15  Gateway  
  39  3:17  Blink (Chrono Boost)  
  39  3:18  Gateway  
  39  3:23  Probe x2  
  41  3:30  Pylon  
  41  3:35  Probe  
  41  3:36  Probe  
  43  3:43  Shield Battery  
  43  3:47  Pylon  
  43  3:48  Probe x2  
  45  3:53  Stalker  
  45  3:54  Gateway  
  47  4:00  Probe x2  
  49  4:04  Pylon  
  49  4:05  Assimilator  
  49  4:13  Stalker x2  
  49  4:14  Probe x2  
  55  4:19  Stalker  
  57  4:26  Probe x2, Pylon  
  57  4:30  Robotics Facility  
  59  4:42  Nexus  
  59  4:45  Pylon  
  59  4:47  Stalker  
  59  4:51  Zealot  
  63  4:56  Probe x2  
  57  5:06  Stalker  
  53  5:09  Probe x2 (Chrono Boost)  
  53  5:17  Dark Shrine  
  53  5:20  Probe x2 (Chrono Boost)  
  55  5:23  Warp Prism  
  55  5:25  Probe x2 (Chrono Boost)  
  55  5:28  Stalker  
  61  5:35  Assimilator, Probe x2  
  63  5:39  Sentry  
  63  5:42  Pylon  
  65  5:48  Probe (Chrono Boost)  
  65  5:49  Probe (Chrono Boost)  
  67  5:57  Probe (Chrono Boost)  
  68  6:01  Observer, Probe x2 (Chrono Boost)  
  71  6:05  Gateway  
  71  6:06  Pylon, Probe (Chrono Boost)  
  71  6:08  Sentry, Probe x2 (Chrono Boost)  
  76  6:11  Probe (Chrono Boost)  
  76  6:14  Probe x2  
  79  6:19  Gateway  
  79  6:23  Probe  
  79  6:24  Immortal (Chrono Boost)  
  84  6:27  Stalker  
  84  6:33  Dark Templar x2  
  84  6:35  Observer  
  88  6:40  Gateway  
  88  6:41  Gateway, Probe  
  88  6:42  Probe  
  90  6:50  Gateway  
  90  6:55  Warp Prism (Chrono Boost)  
  90  6:58  Stalker  
  90  7:01  Shield Battery  
  94  7:02  Stalker  
  94  7:08  Stalker x2  
  100  7:19  Stalker  
  89  7:23  Stalker  
  89  7:28  Stalker  
  90  7:33  Dark Templar  
  90  7:35  Stalker  
  94  7:41  Zealot x2  
  94  7:42  Stalker  
  98  7:46  Zealot x2  
  98  7:50  Robotics Bay  
  102  7:53  Probe x3  
  105  7:59  Stalker, Zealot  
  97  8:08  Dark Templar  
  97  8:09  Zealot  
  97  8:10  Zealot  
Tags
 
Add a new tag
Caveats
  • Supply blocks, unpowered buildings, or Contaminate may cause inaccurate times.
  • Supply counts are checked every 10 seconds.